 Dungeon Crawl Stone Soup version 0.23-a0-655-g3751e1c (webtiles) character file.

32 Firecrotchwizard the Chopper (level 3, -2/49 HPs)
             Began as a Hill Orc Monk on Jan 8, 2019.
             Slain by Robin
             ... wielding a +9 club
              (4 damage)
             ... on level 1 of the Dungeon.
             The game lasted 00:02:27 (1484 turns).

Firecrotchwizard the Chopper (Hill Orc Monk)        Turns: 1484, Time: 00:02:28

Health: -2/49      AC: 21    Str: 14    XL:     3   Next: 27%
Magic:  3/3        EV:  2    Int: 10    God:
Gold:   38         SH:  0    Dex: 13    Spells: 2/2 levels left

rFire    . . .     SeeInvis .   a - +0 hand axe
rCold    . . .     Gourm    .   (no shield)
rNeg     + + +     Faith    .   (armour currently unavailable)
rPois    +         Spirit   .   (helmet currently unavailable)
rElec    .         Reflect  .   (cloak currently unavailable)
rCorr    .         Harm     .   (gloves currently unavailable)
MR       .....     NoTele   +   (boots currently unavailable)
Stlth    ++........             (no amulet)
HPRegen  0.16/turn              (no ring)
MPRegen  0.08/turn              (no ring)

@: tree-form
A: no striking features
a: no special abilities


You were on level 1 of the Dungeon.
You were not hungry.
You were a tree.
You visited 1 branch of the dungeon, and saw 2 of its levels.

You collected 38 gold pieces.

Inventory:

Hand Weapons
 a - a +0 hand axe (weapon)
Armour
 b - a +0 robe (melded)
Scrolls
 e - a scroll of identify
Comestibles
 c - 3 rations


   Skills:
 + Level 4.1 Fighting
 * Level 5.0 Axes
 + Level 1.2 Armour
 - Level 2.4 Dodging
 - Level 1.5 Stealth


You had 2 spell levels left.
You didn't know any spells.
Your spell library was empty.

Dungeon Overview and Level Annotations

Branches:
Dungeon (2/15)

Altars:

Annotations:
D:1 Robin


Message History

You may need something to eat soon, looking for food.
Can't find anything matching that.
Sorry, you're not good enough to have a special ability.
No target in view!
No target in view!
No target in view!
A rat comes into view.
You hit the bat.
You kill the bat!
No target in view!
The rat is too close now for your liking.
The rat misses you.
You hit the rat.
You kill the rat!
No target in view!
You may need something to eat soon, looking for food.
Can't find anything matching that.
Sorry, you're not good enough to have a special ability.
You butcher the rat corpse.
d - a chunk of flesh {@w0} You see here a rat skeleton. x2
Eating a chunk of flesh {@w0}.
You eat the chunk of flesh {@w0}.
A goblin and a hobgoblin come into view.
A goblin comes into view. It is wielding a +0 dagger.
The goblin shouts!
A goblin is nearby!
A goblin is nearby!
An adder comes into view.
A hobgoblin comes into view. It is wielding a +0 club.
The hobgoblin shouts!
You hit the hobgoblin.
You kill the hobgoblin!
You hear a shout!
Robin of the Strong Arm comes into view.
She is wielding a +9 club.
You closely miss the goblin. The goblin hits you with a +0 dagger.
You take 2 damage, and have 31/33 hp.
There is a stone staircase leading up here.
You barely miss the goblin. The goblin hits you with a +0 dagger.
You take 5 damage, and have 27/33 hp.
You hit the goblin.
You kill the goblin!
You hit the goblin but do no damage. The goblin hits you.
You take 2 damage, and have 25/33 hp.
You hit the goblin. The goblin hits you.
You take 4 damage, and have 21/33 hp.
You are too injured to fight recklessly!
You are too injured to fight recklessly!
You are too injured to fight recklessly!
You slash the hobgoblin!
You kill the hobgoblin!
You barely miss the goblin. The goblin misses you.
You slash the goblin!
You kill the goblin!
Your Axes skill increases to level 5!
You see here a +0 dagger.
There isn't anything to butcher here.
You see here a +0 club.
There isn't anything to butcher here.
A frilled lizard comes into view.
There is a stone staircase leading up here.
A frilled lizard is nearby!
Robin shouts!
Robin roars a battlecry!
The frilled lizard hisses angrily.
You hear a shout!
Robin roars a battlecry!
You hear a shout!
Robin hits you with a +9 club.
You climb upwards.
There is a stone staircase leading down here.
You take 4 damage, and have 19/33 hp.
You hit Robin. Robin hits you with a +9 club.
You take 2 damage, and have 17/33 hp.
You hit Robin but do no damage. Robin hits you with a +9 club.
You take 5 damage, and have 12/33 hp.
You hit Robin but do no damage. You hit Robin. Robin hits you with a +9 club.
You take 1 damage, and have 11/33 hp.
You closely miss Robin. Robin closely misses you.
You hit Robin but do no damage. Robin barely misses you.
Okay, then.
You barely miss Robin. Robin hits you with a +9 club!
* * * LOW HITPOINT WARNING * * *
You take 9 damage, and have 2/33 hp.
MASSIVE DAMAGE!!
It was a potion of lignification.
You turn into a tree.
Your +0 robe melds into your body.
Your roots penetrate the ground.
Robin hits you with a +9 club.
* * * LOW HITPOINT WARNING * * *
You now have 3/49 hp.
You hit Robin. Robin hits you but does no damage.
You hit Robin.
Robin flexes a bicep menacingly.
Robin hits you but does no damage.
You completely miss Robin. Robin hits you with a +9 club.
* * * LOW HITPOINT WARNING * * *
You take 2 damage, and have 1/49 hp.
You hit Robin but do no damage. Robin hits you but does no damage.
You hit Robin. Robin completely misses you.
You hit Robin. Robin hits you with a +9 club.
You die...

##.##.# #.# #.##.# #.# #.##.# #.#
##### #..#.# #.# ....# ##.#.# #.#
....# ########...# #.# ....#
#..........# #.# ....#
#.........g# #.# ....#
#........#♣# #.#
....###........######.#
...............'......#
....###........##################
#........#......................#
#.######.#.###################.##
### #.#.# #.......#####.##
########.#.# #.####.....†...#
...).....#.# #.# #..########


You could see Robin.

Vanquished Creatures
  An adder skeleton (D:2)
  2 dart slugs (D:1)
  A leopard gecko (D:1)
  4 bats
  A giant cockroach (D:1)
  3 goblins
  5 hobgoblins
  4 kobolds (D:1)
  4 rats
25 creatures vanquished.

Notes
Turn   | Place    | Note
-------+----------+-------------------------------------------
     0 | D:1      | Firecrotchwizard the Hill Orc Monk began the quest for the
                  | Orb.
     0 | D:1      | Reached XP level 1. HP: 19/19 MP: 1/1
   517 | D:1      | Reached XP level 2. HP: 20/27 MP: 2/2
   859 | D:1      | Reached skill level 1 in Armour
  1173 | D:1      | Reached skill level 4 in Fighting
  1414 | D:2      | Reached XP level 3. HP: 33/33 MP: 3/3
  1436 | D:2      | Noticed Robin
  1453 | D:2      | Reached skill level 5 in Axes
  1477 | D:1      | HP: 2/33 [Robin/+9 club (9)]
  1484 | D:1      | Slain by Robin

Vault maps used:
D:1:      minmay_arrival_doors
D:2:      nicolae_dithmenos_through_a_glass_darkly, serial_undead,
          serial_undead_c, serial_undead_c, serial_undead_e, serial_undead_c,
          uniq_natasha, uniq_robin, uniq_sigmund

Skill      XL: |  1  2  3 |
---------------+----------+-----
Armour         | 1 |  1.2
Fighting       | 4 |  4.1
Axes           | 5 |  5.0
Dodging        | |  2.4
Stealth        | |  1.5

Action                   || total
-------------------------++-------
Melee: Hand axe          ||   101
Throw: Stone             ||     5
  Use: Scroll            ||     2
       Potion            ||     1
 Stab: Sleeping          ||     2
  Eat: Chunk             ||     2
Armor: Robe              ||    11
       Skin              ||     3
Dodge: Dodged            ||    59

Table legend:
 A = Non-vault XP
 B = Vault XP
 C = Vault XP percentage of total XP
 D = Non-vault monster count
 E = Vault monster count
 F = Vault count percentage of total count
                 A         B        C        D         E       F
            +---------+---------+-------+---------+---------+-------
      Total |      34 |      13 |  27.7 |      20 |       5 |  20.0
            +---------+---------+-------+---------+---------+-------
        D:1 |      32 |       0 |   0.0 |      18 |       0 |   0.0
        D:2 |       2 |      13 |  86.7 |       2 |       5 |  71.4
            +---------+---------+-------+---------+---------+-------

Vault maps used:
D:1:      minmay_arrival_doors
D:2:      nicolae_dithmenos_through_a_glass_darkly, serial_undead,
          serial_undead_c, serial_undead_c, serial_undead_e, serial_undead_c,
          uniq_natasha, uniq_robin, uniq_sigmund

Table legend:
 A = Turns spent in this place as a percentage of turns spent in the entire game.
 B = Non-inter-level travel turns spent in this place as a percentage of non-inter-level travel turns spent in the entire game.
 C = Inter-level travel turns spent in this place as a percentage of turns spent in this place.
 D = Turns resting spent in this place as a percentage of non-inter-level travel turns spent in this place.
 E = Turns spent auto-exploring this place as a percentage of non-inter-level travel turns spent in this place.
 F = Non-inter-level travel turns spent in this place divided by the number of levels of this place that you've seen.
                   A       B       C       D       E      F
               +-------+-------+-------+-------+-------+----------------------
         Total | 100.0 | 100.0 |   1.5 |  27.6 |  54.0 | 731.0
       Dungeon | 100.0 | 100.0 |   1.5 |  27.6 |  54.0 | 731.0
               +-------+-------+-------+-------+-------+----------------------

Table legend:
 A = Kills in this place as a percentage of kills in entire the game.
 B = Kills by you in this place as a percentage of kills by you in the entire game.
 C = Kills by friends in this place as a percentage of kills by friends in the entire game.
 D = Other kills in this place as a percentage of other kills in the entire game.
 E = Experience gained in this place as a percentage of experience gained in the entire game.
 F = Experience gained in this place divided by the number of levels of this place that you have seen.
                   A       B       C       D       E      F
               +-------+-------+-------+-------+-------+----------------------
         Total | 100.0 | 100.0 |   N/A |   N/A | 100.0 |  23.5
       Dungeon | 100.0 | 100.0 |   N/A |   N/A | 100.0 |  23.5
               +-------+-------+-------+-------+-------+----------------------
